| TOP OF THE 1ST |
|
Bluefield Blue Jays batting - Pitching for Detroit (APP) Tigers : LHP Satoru Mori
|
|
Pitching: LHP Satoru Mori
|
|
|
Batting: RHB Tokuji Kawabata
|
0-0: Called Strike 0-1: Foul Ball, location: 2F 0-2: Ball 1-2: Ground out U3 (Groundball, 3L, EV 91.2 MPH)
|
|
Batting: RHB Jose Ontiveros
|
0-0: Foul Ball, location: 2F 0-1: Foul Ball, location: 2F 0-2: DOUBLE (Line Drive, 89M, EV 93.1 MPH)
|
|
Batting: SHB Ryan Chicoine
|
0-0: Ball 1-0: Called Strike 1-1: Ground out 5-3 (Groundball, 56, EV 90.6 MPH)
|
|
Batting: SHB Jack Andrews
|
0-0: Ground out 5-3 (Groundball, 5L, EV 92.5 MPH)
|
| Top of the 1st over - 0 runs, 1 hit, 0 errors, 1 left on base; Bluefield 0 - Detroit (APP) 0 |
| BOTTOM OF THE 1ST |
|
Detroit (APP) Tigers batting - Pitching for Bluefield Blue Jays : RHP Wade Diamond
|
|
Pitching: RHP Wade Diamond
|
|
|
Batting: LHB Bill Ford
|
0-0: Ball 1-0: Ball 2-0: Ball 3-0: Called Strike 3-1: Base on Balls
|
|
Batting: RHB Jon Goldstein
|
0-0: Ball 1-0: Fly out, F8 (Flyball, 8LXD, EV 96.2 MPH)
|
|
Batting: SHB Sean Foley
|
0-0: Ball 1-0: Ball 2-0: Called Strike 2-1: Ground out 4-3 (Groundball, 4S, EV 63.1 MPH) Bill Ford to second
|
|
Batting: SHB Ross Holland
|
0-0: Ball 1-0: Called Strike 1-1: Ball 2-1: Called Strike 2-2: Ball 3-2: Base on Balls
|
|
Batting: RHB Adam MacConnell
|
0-0: Ball 1-0: Ball 2-0: Called Strike 2-1: Ball 3-1: Base on Balls Bill Ford to third Ross Holland to second
|
|
Batting: LHB Jon Pedlar
|
0-0: Fly out, F7 (Flyball, 78M, EV 88.1 MPH)
|
| Bottom of the 1st over - 0 runs, 0 hits, 0 errors, 3 left on base; Bluefield 0 - Detroit (APP) 0 |
| TOP OF THE 2ND |
|
Bluefield Blue Jays batting - Pitching for Detroit (APP) Tigers : LHP Satoru Mori
|
|
Batting: RHB Mike Johnson
|
0-0: Fly out, F4 (Line Drive, 4, EV 66.9 MPH)
|
|
Batting: RHB Chris Martin
|
0-0: Called Strike 0-1: Ball 1-1: Called Strike 1-2: Ball 2-2: Ball 3-2: Base on Balls
|
|
Batting: RHB John Hering
|
0-0: Ball 1-0: Foul Ball, location: 2F 1-1: Ball 2-1: SINGLE (Groundball, 25, EV 73.8 MPH) (infield hit) Chris Martin to second
|
|
Batting: LHB Eddie Muniz
|
0-0: Called Strike 0-1: Fielders Choice at 2nd, 4-6 (Groundball, 4, EV 79.4 MPH) Chris Martin to third
|
|
Batting: RHB Ed Swafford
|
0-0: Fielders Choice at 2nd, 6-4 (Groundball, 6, EV 105.6 MPH)
|
| Top of the 2nd over - 0 runs, 1 hit, 0 errors, 2 left on base; Bluefield 0 - Detroit (APP) 0 |
| BOTTOM OF THE 2ND |
|
Detroit (APP) Tigers batting - Pitching for Bluefield Blue Jays : RHP Wade Diamond
|
|
Batting: RHB Jose Evangelista
|
0-0: Ball 1-0: Called Strike 1-1: Foul Ball, location: 2F 1-2: Strikes out looking
|
|
Batting: RHB Jamie Villagrana
|
0-0: Foul Ball, location: 2F 0-1: Ball 1-1: Fly out, F8 (Flyball, 8LXD, EV 96.9 MPH)
|
|
Batting: RHB Willie Ochoa
|
0-0: DOUBLE (Groundball, 5L, EV 110.6 MPH)
|
|
Batting: LHB Bill Ford
|
0-0: Called Strike 0-1: Ball 1-1: Swinging Strike 1-2: Foul Ball, location: 2F 1-2: SINGLE (Flyball, 89S, EV 90.6 MPH) Willie Ochoa to third Runner from 3rd tries for Home, throw by CF and OUT! 8-2
|
| Bottom of the 2nd over - 0 runs, 2 hits, 0 errors, 1 left on base; Bluefield 0 - Detroit (APP) 0 |
| TOP OF THE 3RD |
|
Bluefield Blue Jays batting - Pitching for Detroit (APP) Tigers : LHP Satoru Mori
|
|
Batting: RHB Tokuji Kawabata
|
0-0: Foul Ball, location: 2F 0-1: Bunt for hit to 13S - play at first, batter safe!
|
|
Batting: RHB Jose Ontiveros
|
0-0: Ball 1-0: Foul Ball, location: 2F 1-1: Foul Ball, location: 2F 1-2: Ball Tokuji Kawabata steals 2nd base 2-2: Ball 3-2: Base on Balls
|
|
Batting: SHB Ryan Chicoine
|
0-0: Foul Ball, location: 2F 0-1: Ball 1-1: Swinging Strike 1-2: Ball 2-2: Ball 3-2: Grounds into double play, 6-4-3 (Groundball, 6M, EV 106.9 MPH) Tokuji Kawabata to third
|
|
Batting: SHB Jack Andrews
|
0-0: Ball 1-0: Ball 2-0: Called Strike 2-1: Ball 3-1: Swinging Strike 3-2: Fly out, F8 (Flyball, 8LS, EV 78.1 MPH)
|
| Top of the 3rd over - 0 runs, 1 hit, 0 errors, 1 left on base; Bluefield 0 - Detroit (APP) 0 |
| BOTTOM OF THE 3RD |
|
Detroit (APP) Tigers batting - Pitching for Bluefield Blue Jays : RHP Wade Diamond
|
|
Batting: RHB Jon Goldstein
|
0-0: Ball 1-0: Ball 2-0: Ball 3-0: Called Strike 3-1: Foul Ball, location: 2F 3-2: Base on Balls
|
|
Batting: SHB Sean Foley
|
0-0: Ball 1-0: Called Strike 1-1: Foul Ball, location: 2F 1-2: SINGLE (Groundball, 56D, EV 100.0 MPH) Jon Goldstein to second
|
|
Batting: SHB Ross Holland
|
0-0: Ball 1-0: Hit by Pitch Jon Goldstein to third Sean Foley to second
|
|
Batting: RHB Adam MacConnell
|
0-0: Ball 1-0: Called Strike 1-1: Fly out, F9 (Flyball, 9LS, EV 92.5 MPH)
|
|
Batting: LHB Jon Pedlar
|
0-0: Called Strike 0-1: Ball 1-1: Ball 2-1: Ball 3-1: Called Strike 3-2: Base on Balls Jon Goldstein scores Sean Foley to third Ross Holland to second
|
|
Batting: RHB Jose Evangelista
|
0-0: Ball 1-0: Fielders Choice at 2nd, 5-4 (Groundball, 56, EV 90.6 MPH) Sean Foley scores Ross Holland to third
|
|
Batting: RHB Jamie Villagrana
|
0-0: Ball 1-0: Fly out, F8 (Flyball, 89D, EV 91.2 MPH)
|
| Bottom of the 3rd over - 2 runs, 1 hit, 0 errors, 2 left on base; Bluefield 0 - Detroit (APP) 2 |
| TOP OF THE 4TH |
|
Bluefield Blue Jays batting - Pitching for Detroit (APP) Tigers : LHP Satoru Mori
|
|
Batting: RHB Mike Johnson
|
0-0: Ball 1-0: Ball 2-0: Ball 3-0: Base on Balls
|
|
Batting: RHB Chris Martin
|
0-0: Called Strike 0-1: Ball Mike Johnson is caught stealing 2nd base 2-4 1-1: Called Strike 1-2: Ground out 1-3 (Groundball, 13S, EV 73.8 MPH)
|
|
Batting: RHB John Hering
|
0-0: Ball 1-0: Ball 2-0: Ball 3-0: Called Strike 3-1: Foul Ball, location: 2F 3-2: Reached on error, E5 (Groundball, 56S, EV 85.6 MPH)
|
|
Batting: LHB Eddie Muniz
|
0-0: Ball 1-0: Ball John Hering steals 2nd base 2-0: Called Strike 2-1: Called Strike 2-2: Foul Ball, location: 2F 2-2: Ground out 5-3 (Groundball, 56, EV 91.2 MPH)
|
| Top of the 4th over - 0 runs, 0 hits, 1 error, 1 left on base; Bluefield 0 - Detroit (APP) 2 |
| BOTTOM OF THE 4TH |
|
Detroit (APP) Tigers batting - Pitching for Bluefield Blue Jays : RHP Wade Diamond
|
|
Batting: RHB Willie Ochoa
|
0-0: Fly out, F9 (Flyball, 9D, EV 88.1 MPH)
|
|
Batting: LHB Bill Ford
|
0-0: Ball 1-0: Ball 2-0: Ball 3-0: Base on Balls
|
|
Batting: RHB Jon Goldstein
|
0-0: Ball Bill Ford steals 2nd base (no throw) 1-0: Called Strike 1-1: Swinging Strike 1-2: DOUBLE (Line Drive, 8LXD, EV 109.4 MPH) Bill Ford scores
|
|
Batting: SHB Sean Foley
|
0-0: Foul Ball, location: 2F 0-1: Ground out U3 (Groundball, 3L, EV 86.9 MPH) Jon Goldstein to third
|
|
Batting: SHB Ross Holland
|
0-0: Called Strike 0-1: Ball 1-1: Ball 2-1: Ball 3-1: Fly out, F7 (Flyball, 78S, EV 86.2 MPH)
|
| Bottom of the 4th over - 1 run, 1 hit, 0 errors, 1 left on base; Bluefield 0 - Detroit (APP) 3 |
| TOP OF THE 5TH |
|
Bluefield Blue Jays batting - Pitching for Detroit (APP) Tigers : LHP Satoru Mori
|
|
Batting: RHB Ed Swafford
|
0-0: Ground out 1-3 (Groundball, 13S, EV 69.4 MPH)
|
|
Batting: RHB Tokuji Kawabata
|
0-0: SINGLE (Groundball, 25, EV 66.2 MPH) (infield hit)
|
|
Batting: RHB Jose Ontiveros
|
0-0: Fielders Choice at 2nd, 6-4 (Groundball, 6, EV 81.2 MPH)
|
|
Batting: SHB Ryan Chicoine
|
0-0: Ball 1-0: Ball Wild Pitch! Jose Ontiveros to second 2-0: Ball 3-0: Called Strike 3-1: Called Strike 3-2: 2-RUN HOME RUN (Flyball, 78XD, EV 101.9 MPH), Distance : 395 ft
|
|
Batting: SHB Jack Andrews
|
0-0: Foul Ball, location: 2F 0-1: Foul Ball, location: 2F 0-2: Ball 1-2: Ball 2-2: Ball 3-2: Base on Balls
|
|
Pitching: RHP Bert Hernandez
|
|
|
Pinch Hitting: LHB Frank Nelson
|
0-0: Called Strike 0-1: SINGLE (Groundball, 4S, EV 66.9 MPH) (infield hit) Jack Andrews to second
|
|
Batting: RHB Chris Martin
|
0-0: Foul Ball, location: 2F 0-1: Fielders Choice at 2nd, 5-4 (Groundball, 56, EV 86.2 MPH)
|
| Top of the 5th over - 2 runs, 3 hits, 0 errors, 2 left on base; Bluefield 2 - Detroit (APP) 3 |
| BOTTOM OF THE 5TH |
|
Detroit (APP) Tigers batting - Pitching for Bluefield Blue Jays : RHP Wade Diamond
|
|
Now in LF: Eddie Muniz
|
|
|
Now in RF: Frank Nelson
|
|
|
Batting: RHB Adam MacConnell
|
0-0: Called Strike 0-1: Ball 1-1: Fly out, F9 (Line Drive, 9, EV 93.8 MPH)
|
|
Batting: LHB Jon Pedlar
|
0-0: Swinging Strike 0-1: Foul Ball, location: 2F 0-2: Hit by Pitch
|
|
Batting: RHB Jose Evangelista
|
0-0: Called Strike 0-1: Ball Wild Pitch! Jon Pedlar to second 1-1: Called Strike 1-2: Ball 2-2: Ball 3-2: Foul Ball, location: 2F 3-2: Foul Ball, location: 2F 3-2: Ground out 6-3 (Groundball, 6M, EV 90.6 MPH) Jon Pedlar to third
|
|
Batting: RHB Jamie Villagrana
|
0-0: 2-RUN HOME RUN (Flyball, 9D, EV 96.9 MPH), Distance : 374 ft
|
|
Pitching: RHP Scott Olson
|
|
|
Batting: RHB Willie Ochoa
|
0-0: Ball 1-0: Foul Ball, location: 2F 1-1: Ground out 4-3 (Groundball, 34, EV 108.8 MPH)
|
| Bottom of the 5th over - 2 runs, 1 hit, 0 errors, 0 left on base; Bluefield 2 - Detroit (APP) 5 |
| TOP OF THE 6TH |
|
Bluefield Blue Jays batting - Pitching for Detroit (APP) Tigers : RHP Bert Hernandez
|
|
Batting: RHB John Hering
|
0-0: Foul Ball, location: 2F 0-1: Foul Ball, location: 2F 0-2: Strikes out swinging
|
|
Batting: LHB Eddie Muniz
|
0-0: Foul Ball, location: 2F 0-1: Called Strike 0-2: Foul Ball, location: 2F 0-2: Strikes out swinging
|
|
Batting: RHB Ed Swafford
|
0-0: Ball 1-0: Swinging Strike 1-1: Ball 2-1: Swinging Strike 2-2: Fly out, F7 (Flyball, 7S, EV 83.8 MPH)
|
| Top of the 6th over - 0 runs, 0 hits, 0 errors, 0 left on base; Bluefield 2 - Detroit (APP) 5 |
| BOTTOM OF THE 6TH |
|
Detroit (APP) Tigers batting - Pitching for Bluefield Blue Jays : RHP Scott Olson
|
|
Batting: LHB Bill Ford
|
0-0: Swinging Strike 0-1: Called Strike 0-2: Ball 1-2: SINGLE (Line Drive, 8RS, EV 100.0 MPH)
|
|
Batting: RHB Jon Goldstein
|
0-0: Ball Bill Ford steals 2nd, throwing error, E2 Bill Ford to third 1-0: Fly out, F7 (Flyball, 78D, EV 95.0 MPH) Runner from 3rd tags up, SCORES, throw by LF
|
|
Batting: SHB Sean Foley
|
0-0: Ball 1-0: Ball 2-0: Ball 3-0: Base on Balls
|
|
Batting: SHB Ross Holland
|
0-0: Ball 1-0: Called Strike Sean Foley is caught stealing 2nd base 2-6 1-1: Ground out 6-3 (Groundball, 56, EV 78.8 MPH)
|
| Bottom of the 6th over - 1 run, 1 hit, 1 error, 0 left on base; Bluefield 2 - Detroit (APP) 6 |
| TOP OF THE 7TH |
|
Bluefield Blue Jays batting - Pitching for Detroit (APP) Tigers : RHP Bert Hernandez
|
|
Pitching: RHP Scott King
|
|
|
Batting: RHB Tokuji Kawabata
|
0-0: Called Strike 0-1: Called Strike 0-2: Ball 1-2: Foul Ball, location: 2F 1-2: SOLO HOME RUN (Flyball, 9D, EV 96.9 MPH), Distance : 376 ft
|
|
Batting: RHB Jose Ontiveros
|
0-0: Ball 1-0: Ball 2-0: Fly out, F7 (Flyball, 78XD, EV 106.2 MPH)
|
|
Batting: SHB Ryan Chicoine
|
0-0: Ball 1-0: Fly out, F5 (Popup, 25F, EV 84.4 MPH)
|
|
Batting: SHB Jack Andrews
|
0-0: Foul Ball, location: 2F 0-1: Ball 1-1: Ball 2-1: Ball 3-1: Base on Balls
|
|
Batting: LHB Frank Nelson
|
0-0: Ball 1-0: DOUBLE (Line Drive, 7LS, EV 115.0 MPH) Jack Andrews to third
|
|
Batting: RHB Chris Martin
|
0-0: Ball 1-0: Foul Ball, location: 2F 1-1: Ball 2-1: Ball 3-1: Called Strike 3-2: Base on Balls
|
|
Pinch Hitting: LHB Cesar Arteaga
|
0-0: Called Strike 0-1: Swinging Strike 0-2: Ball 1-2: Foul Ball, location: 2F 1-2: Ball 2-2: Strikes out swinging
|
| Top of the 7th over - 1 run, 2 hits, 0 errors, 3 left on base; Bluefield 3 - Detroit (APP) 6 |
| BOTTOM OF THE 7TH |
|
Detroit (APP) Tigers batting - Pitching for Bluefield Blue Jays : RHP Scott Olson
|
|
Now at 1B: Cesar Arteaga
|
|
|
Batting: RHB Adam MacConnell
|
0-0: Ball 1-0: Ball 2-0: Ball 3-0: Called Strike 3-1: Base on Balls
|
|
Batting: LHB Jon Pedlar
|
0-0: Ball 1-0: Foul Ball, location: 2F 1-1: Fly out, F7 (Flyball, 7S, EV 76.9 MPH)
|
|
Batting: RHB Jose Evangelista
|
0-0: Called Strike Adam MacConnell steals 2nd base 0-1: Called Strike 0-2: Ball 1-2: Strikes out looking
|
|
Batting: RHB Jamie Villagrana
|
0-0: Ball 1-0: Ball 2-0: Ball 3-0: Base on Balls
|
|
Batting: RHB Willie Ochoa
|
0-0: Called Strike 0-1: Foul Ball, location: 2F 0-2: Foul Ball, location: 2F 0-2: Ball 1-2: Fielders Choice at 2nd, 6-4 (Groundball, 6, EV 80.6 MPH)
|
| Bottom of the 7th over - 0 runs, 0 hits, 0 errors, 2 left on base; Bluefield 3 - Detroit (APP) 6 |
| TOP OF THE 8TH |
|
Bluefield Blue Jays batting - Pitching for Detroit (APP) Tigers : RHP Scott King
|
|
Pitching: RHP Cameron Maxwell
|
|
|
Batting: LHB Eddie Muniz
|
0-0: Ground out 4-3 (Groundball, 4, EV 87.5 MPH)
|
|
Batting: RHB Ed Swafford
|
0-0: Foul Ball, location: 2F 0-1: Foul Ball, location: 2F 0-2: Strikes out swinging
|
|
Batting: RHB Tokuji Kawabata
|
0-0: Ball 1-0: Ball 2-0: Ball 3-0: Called Strike 3-1: Called Strike 3-2: DOUBLE (Line Drive, 78D, EV 101.2 MPH)
|
|
Batting: RHB Jose Ontiveros
|
0-0: Foul Ball, location: 2F 0-1: Ball 1-1: Swinging Strike 1-2: Strikes out swinging
|
| Top of the 8th over - 0 runs, 1 hit, 0 errors, 1 left on base; Bluefield 3 - Detroit (APP) 6 |
| BOTTOM OF THE 8TH |
|
Detroit (APP) Tigers batting - Pitching for Bluefield Blue Jays : RHP Scott Olson
|
|
Pitching: RHP Bobby Leija
|
|
|
Batting: LHB Bill Ford
|
0-0: Called Strike 0-1: Ball 1-1: Swinging Strike 1-2: Ball 2-2: Fly out, F7 (Flyball, 7LM, EV 86.2 MPH)
|
|
Batting: RHB Jon Goldstein
|
0-0: Ball 1-0: Foul Ball, location: 2F 1-1: Foul Ball, location: 2F 1-2: Fly out, F8 (Flyball, 78XD, EV 98.8 MPH)
|
|
Batting: SHB Sean Foley
|
0-0: Called Strike 0-1: Foul Ball, location: 2F 0-2: Ball 1-2: Strikes out swinging
|
| Bottom of the 8th over - 0 runs, 0 hits, 0 errors, 0 left on base; Bluefield 3 - Detroit (APP) 6 |
| TOP OF THE 9TH |
|
Bluefield Blue Jays batting - Pitching for Detroit (APP) Tigers : RHP Cameron Maxwell
|
|
Pitching: RHP Kyle Moore
|
|
|
Batting: SHB Ryan Chicoine
|
0-0: Foul Ball, location: 2F 0-1: Swinging Strike 0-2: Ball 1-2: Foul Ball, location: 2F 1-2: Foul Ball, location: 2F 1-2: Ball 2-2: SINGLE (Groundball, 34S, EV 64.4 MPH) (infield hit)
|
|
Batting: SHB Jack Andrews
|
0-0: Ball 1-0: Called Strike 1-1: Swinging Strike 1-2: Foul Ball, location: 2F 1-2: Ball 2-2: Strikes out looking
|
|
Batting: LHB Frank Nelson
|
0-0: Called Strike 0-1: Fielders Choice at 2nd, 3-6 (Groundball, 3, EV 88.8 MPH)
|
|
Batting: RHB Chris Martin
|
0-0: Ball Pickoff Throw by Catcher to First - Out!
|
| Top of the 9th over - 0 runs, 1 hit, 0 errors, 0 left on base; Bluefield 3 - Detroit (APP) 6 |
|